 Dungeon Crawl Stone Soup version 0.31-a0-675-g238779eb0a (webtiles) character file.

Game seed: 3534643620892552510

5210 Essalna the Destroyer (level 10, -3/83 HPs)
             Began as a Demonspawn Conjurer on Sept 5, 2023.
             Was a Priest of Vehumet.
             Slain by an orc warrior
             ... wielding a +0 war axe
              (12 damage)
             ... in a bailey.
             The game lasted 00:19:10 (8015 turns).

Essalna the Destroyer (Demonspawn Conjurer)         Turns: 8015, Time: 00:19:10

Health: -3/83      AC: 10    Str:  8    XL:     10   Next: 35%
Magic:  17/17      EV: 17    Int: 24    God:    Vehumet [***...]
Gold:   475        SH:  0    Dex: 17    Spells: 16/19 levels left

rFire   . . .        l - +4 whip (venom)
rCold   . . .        (no shield)
rNeg    . . .        a - +0 robe
rPois   .            (no helmet)
rElec   .            B - +0 cloak
rCorr   .            r - +2 pair of gloves
SInv    .            (no boots)
Will    .....        (no amulet)
Stlth   +++++        j - +4 ring of protection
HPRegen 0.33/turn    x - +5 ring of evasion
MPRegen 0.15/turn

%: no passive effects
@: no status effects
A: thin skeletal structure 3, spiny 2
a: Renounce Religion


You were in a bailey.
You worshipped Vehumet.
Vehumet was most pleased with you.
You visited 2 branches of the dungeon, and saw 9 of its levels.
You also visited: Bailey.

You collected 475 gold pieces.

Inventory:

Hand Weapons
 l - a +4 whip of venom (weapon)
Armour
 a - a +0 robe (worn)
 r - a +2 pair of gloves (worn)
 B - a +0 cloak (worn)
Jewellery
 j - a +4 ring of protection (left hand)
 x - a +5 ring of evasion (right hand)
Wands
 y - a wand of iceblast (10)
 F - a wand of acid (6)
Scrolls
 b - 3 scrolls of fog
 c - a scroll of enchant armour
 f - 5 scrolls of teleportation
 g - 2 scrolls of identify
 h - a scroll of summoning
 p - 4 scrolls of revelation
 q - 2 scrolls of enchant weapon {unknown}
 u - a scroll of amnesia {unknown}
 w - 3 scrolls of fear {unknown}
 z - a scroll of poison {unknown}
 A - 2 scrolls of noise {unknown}
 C - a scroll of vulnerability {unknown}
 E - a scroll of immolation {unknown}
Potions
 d - a potion of resistance {unknown}
 e - a potion of degeneration
 i - 2 potions of lignification {unknown}
 k - 2 potions of curing {unknown}
 m - a potion of heal wounds {unknown}
 n - a potion of cancellation {unknown}
 o - 2 potions of might {unknown}
 s - a potion of enlightenment {unknown}
 t - 3 potions of haste {unknown}
 v - 2 potions of mutation {unknown}
 D - a potion of brilliance {unknown}


   Skills:
 + Level 9.6 Fighting
 - Level 1.7 Dodging
 - Level 1.7 Stealth
 - Level 5.0 Spellcasting
 + Level 11.6 Conjurations


You had 16 spell levels left.
You knew the following spells:

 Your Spells              Type           Power      Damage    Failure   Level
a - Magic Dart            Conj           100%       1d8       1%          1
b - Searing Ray           Conj           100%       2d8       1%          2

Your spell library contained the following spells:

 Spells                   Type           Power      Damage    Failure   Level
 Sticky Flame             Conj/Fire      34%        2d5       2%          4
 Dazzling Flash           Conj/Hex       68%        N/A       1%          3
 Hailstorm                Conj/Ice       34%        3d9       1%          3
 Freeze                   Ice            24%        1d4       2%          1
 Fulminant Prism          Conj/Hex       17%        3d10      2%          4
 Iskenderun's Mystic Bla  Conj/Tloc      34%        2d8       2%          4
 Frozen Ramparts          Ice            12%        1d2       7%          3
 Necrotise                Necr           24%        1d5       9%          1
 Vampiric Draining        Necr           6%         2d6       26%         3
 Agony                    Necr           6%         N/A       94%         5


Dungeon Overview and Level Annotations

Branches:
Dungeon (8/15)             Temple (1/1) D:4          Bailey (1/1)
   Lair: D:8-11

Altars:
Cheibriados
Dithmenos
Hepliaklqana
Makhleb
Okawaru
Qazlal
Sif Muna
Trog
Uskayaw
Vehumet
Wu Jian
Xom
Yredelemnul

Shops:
D:2 *?*=(

Annotations:
D:7 1 transporter, paps's ghost, novice OpSh


Innate Abilities, Weirdness & Mutations

You have an unnaturally thin skeletal structure. (Dex +6, Stealth+++)
You are mostly covered in sharp spines.


Message History

Press: ? - help, Dir - move target, f/p - orc warlord
Aim: an orc warlord, wielding a +4 broad axe and wearing a +0 chain mail (almost dead, extremely poisoned, covered in acid, about 26% to evade your +4 whip of venom)
You hit the orc warlord but do no damage.
The orc warlord looks as sick as possible!
The orc warlord is almost dead.
The orc warlord is struck by your spines.
The orc warlord hits you with a +4 broad axe.
The orc warrior completely misses you.
Hit: l) +4 whip (venom)
Press: ? - help, Dir - move target, f/p - orc warlord
Aim: an orc warlord, wielding a +4 broad axe and wearing a +0 chain mail (almost dead, extremely poisoned, covered in acid, about 26% to evade your +4 whip of venom)
You hit the orc warlord.
You kill the orc warlord!
Vehumet accepts your kill. The orc warrior completely misses you.
You hit the orc warrior but do no damage.
The orc warrior closely misses you.
You hit the orc warrior but do no damage.
The orc warrior hits you with a +0 war axe!!
You barely miss the orc warrior.
The orc warrior hits you but does no damage.
You hit the orc warrior.
The orc warrior is poisoned.
The orc warrior is lightly wounded.
The orc warrior barely misses you.
You closely miss the orc warrior.
The orc warrior is lightly wounded.
The orc warrior hits you with a +0 war axe!!
* * * LOW HITPOINT WARNING * * *
You hit the orc warrior.
The orc warrior looks as sick as possible!
The orc warrior is moderately wounded.
The orc warrior no longer looks unusually strong.
The orc warrior barely misses you.
You completely miss the orc warrior.
The orc warrior is moderately wounded.
The orc warrior closely misses you.
You closely miss the orc warrior.
The orc warrior is moderately wounded.
The orc warrior hits you with a +0 war axe!
You die...

####### ##..∩..##
#@).....# ##o).)...#
#.........#
#.........#
#.)...⌠.....#
##.........##.....##
.).......).'.......#
.##.......##.......#
. #.......#.........


You could see an orc warrior (extremely poisoned).

Vanquished Creatures
  An orc warlord (Bailey)
  Sigmund (D:5)
  A wyvern (D:8)
  2 steam dragons
  The ghost of dittoslash the Ruffian, an amateur DrSh (D:4)
  Edmund (D:5)
  A water moccasin (D:6)
  2 ice beasts
  9 orc warriors (Bailey)
  A sky beast (D:7)
  2 black bears
  4 phantoms
  2 kobold brigands
  3 bullfrogs (D:6)
  2 scorpions
  A jelly (D:8)
  6 wights
  3 killer bees
  6 orc priests
  Crazy Yiuf (D:5)
  4 hounds (D:5)
  Jessica (D:3)
  3 iguanas
  Ijyb (D:5)
  6 orc wizards
  5 adders
  12 gnolls
  2 shadow imps
  A worm (D:2)
  4 dart slugs
  30 orcs
  10 bats
  6 endoplasms
  4 giant cockroaches
  20 goblins
  13 hobgoblins
  10 jackals
  3 quokkas
  8 ball pythons
  7 frilled lizards
  33 kobolds
  9 rats
242 creatures vanquished.

Notes
Turn   | Place    | Note
-------+----------+-------------------------------------------
     0 | D:1      | Essalna the Demonspawn Conjurer began the quest for the
                  | Orb.
     0 | D:1      | Reached XP level 1. HP: 13/13 MP: 3/3
   110 | D:1      | Found a faded altar of an unknown god.
   207 | D:1      | Gained mutation: You are partially covered in sharp spines.
                  | [demonic ancestry]
   207 | D:1      | Reached XP level 2. HP: 11/19 MP: 0/5
   732 | D:1      | Reached XP level 3. HP: 24/24 MP: 4/7
  1123 | D:2      | Found Lemieb's Magic Scroll Emporium.
  1189 | D:2      | Reached skill level 5 in Conjurations
  1189 | D:2      | Gained mutation: You are mostly covered in sharp spines.
                  | [demonic ancestry]
  1189 | D:2      | Reached XP level 4. HP: 7/30 MP: 4/8
  1416 | D:2      | Reached XP level 5. HP: 32/35 MP: 2/10
  1593 | D:2      | Found Pojudgh's General Store.
  1655 | D:2      | Found Wempan's Jewellery Shoppe.
  1825 | D:2      | Found Gapp's General Store.
  2014 | D:2      | Learned a level 2 spell: Searing Ray
  2258 | D:2      | Found Tueg's Antique Weapon Shop.
  2675 | D:3      | Reached XP level 6. HP: 41/41 MP: 4/12
  2883 | D:3      | Reached skill level 6 in Conjurations
  2937 | D:3      | Noticed Jessica
  2939 | D:3      | Killed Jessica
  2958 | D:3      | Found a shimmering blue altar of Sif Muna.
  3527 | D:4      | Reached skill level 5 in Spellcasting
  3839 | D:4      | Found a staircase to the Ecumenical Temple.
  3865 | Temple   | Entered the Ecumenical Temple
  3872 | Temple   | Became a worshipper of Vehumet
  3966 | D:4      | Reached skill level 1 in Fighting
  3966 | D:4      | Gained mutation: You have a somewhat thin skeletal
                  | structure. (Dex +2, Stealth+) [demonic ancestry]
  3966 | D:4      | Reached XP level 7. HP: 47/48 MP: 14/14
  3975 | D:4      | Found a runed translucent door.
  3980 | D:4      | Noticed dittoslash's ghost (amateur DrSh)
  4030 | D:4      | Killed dittoslash's ghost
  4031 | D:4      | Reached skill level 7 in Conjurations
  4215 | D:4      | Found an iron altar of Okawaru.
  4453 | D:5      | Entered Level 5 of the Dungeon
  4465 | D:5      | Noticed a steam dragon
  4473 | D:5      | Killed a steam dragon
  4946 | D:5      | Gained mutation: You have a moderately thin skeletal
                  | structure. (Dex +4, Stealth++) [demonic ancestry]
  4946 | D:5      | Reached XP level 8. HP: 60/60 MP: 8/15
  5075 | D:5      | Noticed Ijyb
  5082 | D:5      | Killed Ijyb
  5220 | D:5      | Noticed Sigmund
  5228 | D:5      | Killed Sigmund
  5229 | D:5      | Reached skill level 8 in Conjurations
  5294 | D:5      | Identified the +7 scale mail "Belof" {rF++ rC- Will- rCorr}
  5333 | D:5      | Noticed Edmund
  5350 | D:5      | Killed Edmund
  5351 | D:5      | Reached skill level 5 in Fighting
  5467 | D:5      | Found a runed translucent door.
  5468 | D:5      | Noticed Crazy Yiuf
  5475 | D:5      | Killed Crazy Yiuf
  5883 | D:6      | Reached * piety under Vehumet
  5883 | D:6      | Offered knowledge of Shock by Vehumet.
  5967 | D:6      | Reached skill level 9 in Conjurations
  6248 | D:6      | Reached XP level 9. HP: 71/71 MP: 10/16
  6393 | D:6      | Offered knowledge of Momentum Strike by Vehumet.
  6555 | D:6      | You fall into a shaft and drop 2 floors!
  6616 | D:8      | Reached ** piety under Vehumet
  6869 | D:8      | Reached skill level 10 in Conjurations
  6869 | D:8      | Found a stormy altar of Qazlal.
  7126 | D:8      | Noticed a death yak
  7159 | D:7      | Found a burning altar of Makhleb.
  7211 | D:7      | Noticed paps's ghost (novice OpSh)
  7220 | D:7      | Offered knowledge of Volatile Blastmotes by Vehumet.
  7231 | D:7      | Found a transporter.
  7236 | D:7      | Noticed a moth of wrath
  7257 | D:7      | Found a flagged portal.
  7270 | Bailey   | Entered a bailey
  7340 | Bailey   | Reached *** piety under Vehumet
  7506 | Bailey   | Reached skill level 11 in Conjurations
  7596 | Bailey   | Offered knowledge of Sticky Flame by Vehumet.
  7625 | Bailey   | Gained mutation: You have an unnaturally thin skeletal
                  | structure. (Dex +6, Stealth+++) [demonic ancestry]
  7625 | Bailey   | Reached XP level 10. HP: 82/82 MP: 13/17
  7670 | Bailey   | Noticed an orc warlord
  8007 | Bailey   | Killed an orc warlord
  8015 | Bailey   | Slain by an orc warrior

Illustrated notes

Levels and vault maps discovered:
D:1:      elethiomel_arrival_shortcut, layout_basic,
          shapermc_ecumenical_altar_starsandcircs,
          chequers_serial_rivers_micro_b, skrybe_limestone_x, serial_park_tiny_1
D:2:      cheibrodos_pilgrimage, layout_basic, serial_shops, nicolae_shop_stone,
          nicolae_shop_hallway_plus, shop, shop, nicolae_shop_getting_attention
D:3:      minmay_inner_zag, layout_rooms, tgw_sif, uniq_jessica
D:4:      layout_cave_pools, mainiacjoe_overflow_tiny_flanked,
          minmay_temple_entry_grid, serial_glass, glass_columns_a,
          glass_columns_b, glass_columns_a, glass_columns_b, glass_columns_a,
          glass_columns_b, ebering_ghost_reflecting_pool,
          chequers_serial_rivers_large_b, minivault_19
D:5:      layout_loops_ring, glass_columns_a, uniq_sigmund, uniq_edmund,
          uniq_crazy_yiuf_cottage, uniq_ijyb
D:6:      kennysheep_kobold_camp, layout_gridville, elyvilon_altar_1
D:7:      layout_loops_ring, mainiacjoe_overflow_catwalk,
          gammafunk_ghost_berserking_beasts, enter_bailey_5,
          kennysheep_generic_room_15, uniq_menkaure, uniq_jeremiah
D:8:      layout_layer_cave, lemuel_crystal_altar, dpeg_lair_monsters,
          serial_rivers, chequers_serial_rivers_marsh,
          chequers_serial_rivers_room_b, chequers_serial_rivers_room_a,
          chequers_serial_rivers_room_b, chequers_serial_rivers_marsh,
          chequers_serial_rivers_small_3
Temple:   nicolae_temple_ecumenical_triangle
Bailey:   bailey_axe_minmay_hex_keep, bailey

Skill      XL: |  1  2  3  4  5  6  7  8  9 10 |
---------------+-------------------------------+-----
Spellcasting   | 3 4 5 |  5.0
Conjurations   | 5 6 7 9 11 | 11.6
Fighting       | 1 3 6 8 9 |  9.6
Dodging        | |  1.7
Stealth        | |  1.7

Action                     |  1- 3 |  4- 6 |  7- 9 | 10-12 || total
---------------------------+-------+-------+-------+-------++-------
  Melee: Unarmed           |    22 |    11 |       |       ||    33
         Whip              |       |    20 |   182 |    46 ||   248
         Punch             |       |       |     3 |       ||     3
   Cast: Magic Dart        |    58 |   135 |   123 |    18 ||   334
         Searing Ray       |       |     2 |    13 |     1 ||    16
  Evoke: Wand              |       |       |       |     8 ||     8
    Use: Potion            |     1 |       |       |       ||     1
         Scroll            |       |       |     8 |     1 ||     9
   Stab: Sleeping          |       |       |     2 |       ||     2
         Distracted        |       |       |     1 |       ||     1
 Armour: Robe              |    18 |    27 |   122 |    27 ||   194
  Dodge: Dodged            |     8 |    21 |   177 |    36 ||   242

Table legend: (Time is in decaauts)
 A = Elapsed time spent in this place.
 B = Non-inter-level travel time spent in this place.
 C = Inter-level travel time spent in this place.
 D = Time resting spent in this place.
 E = Time spent auto-exploring this place.
 F = Levels seen in this place.
 G = Mean time per level.
                   A        B        C        D        E       F      G
               +--------+--------+--------+--------+--------+-----+--------+
         Total |   8067 |   7874 |    193 |      0 |   6511 |  10 |  806.7 |
       Dungeon |   7302 |   7113 |    189 |      0 |   5987 |   8 |  912.8 |
        Temple |     12 |      8 |      4 |      0 |      0 |   1 |   12.0 |
        Bailey |    752 |    752 |      0 |      0 |    524 |   1 |  752.0 |
               +--------+--------+--------+--------+--------+-----+--------+

Top non-repeatable levels by time:
     D:2: 1398 daAuts
     D:5: 1258 daAuts
     D:4: 1105 daAuts
     D:1: 1084 daAuts
     D:3: 1034 daAuts
  Bailey: 752 daAuts
     D:6: 698 daAuts
     D:8: 580 daAuts
     D:7: 142 daAuts
  Temple: 12 daAuts
